 Dungeon Crawl Stone Soup version 0.31.0-12-g77e489cdc1 (webtiles) character file.

Game seed: 12401969487460581519

169435 RKaid the Warrior (level 18, -12/143 HPs)
             Began as a Djinni Cinder Acolyte on Feb 2, 2024.
             Was a Priest of Ignis.
             Mangled by a shock serpent (14 damage)
             ... on level 4 of the Snake Pit on Feb 14, 2024.
             The game lasted 02:21:07 (28513 turns).

RKaid the Warrior (Djinni Cinder Acolyte)          Turns: 28513, Time: 02:21:08

Health: -12/143    AC: 15    Str: 17    XL:     18   Next: 60%
Gold:   2143       EV:  4    Int: 36    God:    Ignis [***...] SH: 30 Dex:  9

rFire   + + +        a - +5 long sword (protect)
rCold   x . .        N - +18 shield of the Gong {Loud rN+ Will+ rCorr EV-5}
rNeg    + + .        v - +4 ring mail of Uttutaz {rN+ Int+4}
rPois   ∞            J - +3 crown of Dyrovepreva {rElec Int+2 SInv}
rElec   +            L - scarf {repulsion}
rCorr   +            Q - +2 pair of gloves
SInv    +            (boots unavailable)
Will    ++...        k - amulet of regeneration Stlth
                     n - +6 ring of intelligence
HPRegen 1.23/turn    m - +6 ring of intelligence
MPRegen 0.00/turn

%: repel missiles, infuse magic (-13 HP)
@: flying, constricted
A: sickness immunity, fire resistance 2, cold vulnerability 1, float, innate
caster, HP casting, extra vitality 1, dopey 1
a: Renounce Religion, Fiery Armour, Foxfire Swarm, Rising Flame


You were on level 4 of the Snake Pit.
You worshipped Ignis.
Ignis was most pleased with you.
You visited 4 branches of the dungeon, and saw 26 of its levels.
You also visited: Sewer, Ossuary and Gauntlet.

You collected 3266 gold pieces.
You spent 1123 gold pieces at shops.

Inventory:

Hand Weapons
 a - a +5 long sword of protection (weapon)
   (You acquired it on level 3 of the Dungeon)
 b - a +3 scimitar of flaming
   (You took it off Erica on level 9 of the Dungeon)
 W - the +9 dagger "Ukhaum" {flame, Str+2 SInv}
   (You found it on level 13 of the Dungeon)

   Str+2:     It affects your strength (+2).
   SInv:      It lets you see invisible.
Armour
 i - a +2 tower shield of protection
   (You took it off a naga warrior on level 2 of the Snake Pit)
 v - the +4 ring mail of Uttutaz (worn) {rN+ Int+4}
   (You found it on level 4 of the Dungeon)

   Int+4:     It affects your intelligence (+4).
   rN+:       It protects you from negative energy.
 J - the +3 crown of Dyrovepreva (worn) {rElec Int+2 SInv}
   (You bought it in a shop on level 10 of the Dungeon)

   Int+2:     It affects your intelligence (+2).
   rElec:     It insulates you from electricity.
   SInv:      It lets you see invisible.
 K - a +2 kite shield of resistance
   (You took it off a naga warrior on level 3 of the Snake Pit)
 L - a scarf of repulsion (worn)
   (You found it on level 2 of the Lair of Beasts)
 N - the +18 shield of the Gong (worn) {Loud rN+ Will+ rCorr EV-5}
   (You found it on level 3 of the Lair of Beasts)

   Loud:      It is deafeningly noisy when blocking attacks.
   EV-5:      It affects your evasion (-5).
   rN+:       It protects you from negative energy.
   Will+:     It increases your willpower.
   rCorr:     It protects you from acid and corrosion.
 Q - a +2 pair of gloves (worn)
   (You found it on level 4 of the Lair of Beasts)
Magical Staves
 H - a staff of conjuration {!a}
   (You took it off a minotaur in a Gauntlet)
 M - a staff of cold {rC+}
   (You took it off Fannar on level 3 of the Lair of Beasts)
Jewellery
 k - an amulet of regeneration (around neck)
   (You found it on level 8 of the Dungeon)
 m - a +6 ring of intelligence (right hand)
   (You found it on level 1 of the Dungeon)
 n - a +6 ring of intelligence (left hand)
   (You found it on level 3 of the Dungeon)
 w - a ring of protection from cold {rC+}
   (You found it on level 5 of the Dungeon)
 E - a +4 ring of slaying
   (You took it off a goblin on level 2 of the Dungeon)
 P - a ring of protection from cold {rC+}
   (You found it on level 3 of the Snake Pit)
 R - an amulet of reflection
   (You took it off a naga on level 4 of the Snake Pit)
 U - the amulet of Zuibb {Acrobat Slay+2}
   (You found it in a Gauntlet)

   [amulet of the acrobat]

   Acrobat:   It increases your evasion while moving and waiting.
   Slay+2:    It affects your accuracy & damage with ranged weapons and melee
   (+2).
 Y - a ring of resist corrosion
   (You found it on level 14 of the Dungeon)
Wands
 s - a wand of roots (17)
   (You found it on level 10 of the Dungeon)
 z - a wand of light (19)
   (You found it on level 6 of the Dungeon)
 D - a wand of digging (7)
   (You found it in a Gauntlet)
 I - a wand of charming (30)
   (You found it on level 8 of the Dungeon)
 S - a wand of mindburst (27)
   (You found it on level 8 of the Dungeon)
Scrolls
 d - 4 scrolls of revelation
 e - 6 scrolls of enchant armour
 g - 6 scrolls of fog
 l - a scroll of blinking {!r}
 o - 6 scrolls of fear
 t - 8 scrolls of teleportation
 u - 4 scrolls of vulnerability {!r!r}
 x - 9 scrolls of enchant weapon
 y - 5 scrolls of poison
 B - a scroll of torment {!r}
 C - 7 scrolls of immolation {!r}
 F - a scroll of summoning
 O - 4 scrolls of brand weapon
 Z - a scroll of silence
Potions
 c - 11 potions of curing
 f - 3 potions of might
 h - 5 potions of heal wounds
 j - 8 potions of haste
 p - 2 potions of attraction {!q}
 q - 2 potions of resistance
 r - 7 potions of brilliance
 A - 3 potions of invisibility
 G - 2 potions of berserk rage {!q}
 T - 3 potions of enlightenment
 V - a potion of cancellation
Miscellaneous
 X - a phantom mirror
   (You found it on level 13 of the Dungeon)


   Skills:
 + Level 17.4 Fighting
 - Level 14.0 Long Blades
 - Level 8.4 Dodging
 * Level 14.4 Shields
 + Level 13.4 Spellcasting
 + Level 13.4 Conjurations
 + Level 13.4 Hexes
 + Level 13.4 Summonings
 + Level 13.4 Necromancy
 + Level 13.4 Translocations
 + Level 13.4 Fire Magic
 + Level 13.4 Ice Magic
 + Level 13.4 Air Magic
 + Level 13.4 Earth Magic
 + Level 13.4 Alchemy


You knew the following spells:

 Your Spells              Type           Power      Damage    Failure   Level
a - Scorch                Fire           100%       2d9       1%          2
b - Kiss of Death         Conj/Necr      100%       2d13      1%          1
c - Static Discharge      Conj/Air       100%       3-8/arc   1%          2
d - Volatile Blastmotes   Fire/Tloc      100%       2d18      1%          3
e - Summon Lightning Spi  Summ/Air       88%        N/A       1%          4
f - Iskenderun's Mystic   Conj/Tloc      88%        2d17      1%          4
g - Summon Mana Viper     Hex/Summ       88%        N/A       1%          5
h - Conjure Ball Lightni  Conj/Air       44%        3x3d15    3%          6
i - Malign Gateway        Summ/Tloc      44%        N/A       19%         7
Your spell library was empty.

Dungeon Overview and Level Annotations

Branches:
Dungeon (15/15)            Temple (0/1) D:4            Lair (5/5) D:8
 Shoals (0/4) Lair:2        Snake (4/4) Lair:2        Slime (0/5) Lair:5
    Orc (2/2) D:10            Elf (0/3) Orc:2        Vaults (0/5) D:14
 Depths (0/4) D:15          Sewer (visited)         Ossuary (visited)
Gauntlet (visited)

Altars:
Dithmenos
Elyvilon
Hepliaklqana
Makhleb
Nemelex Xobeh
Qazlal
Zin
The Shining One

Shops:
D:5 :   D:10 :[=[   Orc:2 *[!*   Snake:2 :[?

Annotations:
D:3 1 runed translucent door, paps's ghost, amateur TrSh
D:10 1 runed translucent door
D:14 exclusions: 6 tormentors and 2 more exclusions
D:15 1 runed translucent door, Giaff's ghost, journeyman DsGl
Lair:5 2 transporters, exclusions: ice statue and oklob plant, kalagan's ghost, journeyman DECj


Innate Abilities, Weirdness & Mutations

You are immune to sickness and miasma.
You are immune to poison.
Your flesh is very heat resistant. (rF++)
You are vulnerable to cold. (rC-)
You float through the air rather than walking.
You learn spells naturally, not from books.
Your magical power is your life essence.
You have superior vitality. (+4 MHP)
You are dopey. (Int -2)


Message History

You slash the nagaraja!
You block the guardian serpent's attack.
GONNNNG!
You block the anaconda's attack.
GONNNNG!
You block the anaconda's attack.
PANG!
The nagaraja hits you with a +0 flail. The nagaraja barely misses you.
The shock serpent bites you but does no damage.
The naga spits poison at you.
The splash of poison is repelled.
The splash of poison hits the guardian serpent.
The naga sharpshooter hits your eldritch tentacle with a +0 glaive!
Your eldritch tentacle slaps the naga sharpshooter!!
The naga sharpshooter appears confused.
Your eldritch tentacle claws the naga sharpshooter!
The naga sharpshooter is engulfed in flames!!
The naga sharpshooter dies!
You hear a shout!
You hear an angry hiss.
You hear a shout!
Unknown command.
Casting: Malign Gateway (dangerous; 19% risk of failure)
Confirm with . or Enter, or press ? or * to list all spells.
Some blue arcs ground themselves harmlessly.
You block the anaconda's attack.
GONNNNG!
The anaconda bites you but does no damage.
You block the guardian serpent's attack.
BOUMMMMG!
The shock serpent shoots out a bolt of lightning at you!
The bolt of electricity hits you. You resist. The bolt of electricity hits you.
You resist.
The bolt of electricity hits the shock serpent.
The shock serpent completely resists.
The naga sharpshooter casts a spell.
The nagaraja spits poison at you. You block the splash of poison.
PTOANNNG!
The anaconda grabs you.
The anaconda bites you but does no damage.
The anaconda constricts you. The guardian serpent hits you.
The naga hits you with a +0 glaive!
Your eldritch tentacle slaps the naga sharpshooter.
Your eldritch tentacle draws strength from the naga sharpshooter's injuries!
Your eldritch tentacle closely misses the naga sharpshooter.
The shock serpent shoots out a bolt of lightning at you!
The bolt of electricity hits you. You resist. The bolt of electricity hits you!
You resist.
The bolt of electricity hits the shock serpent.
The shock serpent completely resists.
Blink to where?
Press: ? - help, Dir - move target You escape the anaconda's grasp.
As you read the scroll of blinking {!r}, it crumbles to dust.
The guardian serpent casts a spell at you.
The guardian serpent blinks into view!
The shock serpent blinks!
The nagaraja blinks!
The naga blinks into view!
The anaconda blinks!
The naga sharpshooter blinks into view!
Aiming: Dig
Press: ? - help, Shift-Dir - straight line A rock wall.
The rock shatters into small pieces.
You block the guardian serpent's attack.
BONNNG!
You block the anaconda's attack.
GONNNNG!
You block the anaconda's attack.
GONNNNG!
The shock serpent bites you! The shock serpent shocks you. You resist.
The naga hits you with a +0 glaive!! The naga misses you.
The nagaraja gestures wildly while chanting.
The nagaraja seems to speed up.
The guardian serpent hits you!
* * * LOW HITPOINT WARNING * * *
The naga sharpshooter unwields a +0 short sword.
The naga sharpshooter wields a +0 arbalest.
The naga sharpshooter mumbles some strange words.
The naga sharpshooter magically shoots a bolt.
The bolt hits you!!
* * * LOW HITPOINT WARNING * * *
The anaconda grabs you. The anaconda barely misses you.
The anaconda constricts you.
* * * LOW HITPOINT WARNING * * *
You hear an angry hiss.
You hear a shout! x2
Blink to where?
Press: ? - help, Dir - move target The anaconda's grasp on you weakens, but your attempt to escape fails.
As you read the scroll of blinking {!r}, it crumbles to dust.
You block the shock serpent's attack.
PANG!
The nagaraja hits you with a +0 flail.
* * * LOW HITPOINT WARNING * * *
The anaconda bites you but does no damage.
The anaconda constricts you.
* * * LOW HITPOINT WARNING * * *
You block the guardian serpent's attack.
BOUMMMMG!
You block the naga's attack.
GONNNNG!
The nagaraja spits poison at you.
The splash of poison hits you but does no damage.
You resist. The shock serpent bites you!
You die...

#........)#)......#
##......#).)†...####
###.......)..)..###
#..............##
#......#.......#
##[......))..###
#####......)....#
#.....##...NNN######
#.....##...S@.......
##.#.†).....SS#######
#..#.......S.##
##)..........##
#...†).##....#
##...))#.....#
#.....).§.####
#..#...)$...##.##
##......N§8......


You could see a nagaraja (fast, catching breath), a naga sharpshooter (slow), an
anaconda (resistant), a shock serpent, 2 guardian serpents and a naga.

Vanquished Creatures
  A minotaur (Gauntlet)
  A blizzard demon (Gauntlet)
  A quicksilver dragon zombie (D:15)
  A fire dragon (Lair:5)
  A salamander tyrant (Snake:3)
  An ogre mage (Orc:2)
  Erica (D:9)
  An anaconda (Snake:4)
  A dancing weapon (D:14)
  2 centaur warriors
  A two-headed ogre (Orc:2)
  5 naga warriors
  A death knight (D:14)
  An orc high priest (Orc:2)
  Urug (Orc:2)
  6 death yaks
  4 naga sharpshooters
  3 skeletal warriors
  A skyshark (Lair:4)
  A sea snake (Snake:4)
  5 mana vipers
  Pikel (D:5)
  A swamp dragon (Lair:5)
  An orc knight (Orc:2)
  2 deep elf pyromancers
  A wolf spider (D:15)
  8 ugly things
  3 salamanders
  Maurice (D:12)
  4 cyclopes
  3 manticores
  7 elephants
  A nameless horror (Snake:3)
  12 black mambas
  A guardian serpent (Snake:2)
  3 naga magi
  Maggie (D:7)
  6 cane toads
  Psyche (D:8)
  3 rime drakes
  3 komodo dragons
  2 ice devils (Gauntlet)
  2 trolls
  5 polar bears
  2 hornets
  A hornet (shapeshifter) (D:14)
  A raiju (Lair:5)
  12 blink frogs
  8 dream sheep
  A spriggan (D:7)
  4 shadows
  14 slime creatures
  2 wraiths
  2 water elementals (D:15)
  5 wyverns
  32 yaks
  2 steam dragons
  3 wargs (Lair:5)
  4 vampire mosquitoes
  Menkaure (D:5)
  2 acid dragons
  8 nagas
  7 water moccasins
  4 hell hounds (Lair:5)
  5 orc warriors
  6 black bears
  A laughing skull (D:14)
  7 ogres
  2 ice beasts
  5 centaurs
  10 wolves
  2 lemures (D:5)
  2 phantoms
  9 bullfrogs
  An elf zombie (Ossuary)
  A weeping skull (Ossuary)
  A gnoll sergeant (D:12)
  3 scorpions
  4 wights (D:7)
  A burial acolyte (Ossuary)
  13 killer bees
  A howler monkey (D:7)
  8 electric eels
  3 bombardier beetles
  2 jellies (Sewer)
  2 human zombies (Ossuary)
  2 hounds (D:5)
  6 orc priests
  2 iguanas (Lair:5)
  A sleepcap (D:8)
  8 orc wizards
  A hound zombie (Ossuary)
  2 mummies (Ossuary)
  Robin (D:2)
  4 gnolls
  8 adders
  A river rat (Sewer)
  2 shadow imps
  6 white imps
  A dart slug (D:3)
  3 ribbon worms
  37 orcs
  12 endoplasms
  5 giant cockroaches
  15 goblins
  5 hobgoblins (D:2)
  14 jackals
  11 kobolds
  5 quokkas
  3 ball pythons
  2 bats (D:3)
  5 frilled lizards (Sewer)
  6 rats
484 creatures vanquished.

Vanquished Creatures (collateral kills)
  Agnes (D:13)
  Gastronok (D:12)
  2 nagarajas
  A quicksilver dragon zombie (D:15)
  Fannar (Lair:3)
  A vault guard (D:14)
  3 hydras
  A centaur warrior (D:14)
  A death knight (D:14)
  9 anacondas
  6 boulder beetles
  9 death yaks
  8 naga warriors
  2 orc high priests (Orc:2)
  A hell hog (Lair:5)
  A shock serpent (Snake:3)
  A storm dragon zombie (D:15)
  Amaemon (D:10)
  8 naga sharpshooters
  3 salamander mystics
  2 skysharks
  5 skeletal warriors
  6 mana vipers
  A flayed ghost (D:15)
  3 sea snakes
  7 naga ritualists
  3 orc knights (Orc:2)
  A necromancer (D:15)
  A deep elf pyromancer (D:15)
  2 orc sorcerers
  2 manticores
  4 ugly things (D:14)
  6 salamanders
  2 cyclopes
  10 elephants
  3 guardian serpents
  2 kobold blastminers (Orc:2)
  15 black mambas
  13 naga magi
  A torpor snail (Lair:5)
  An orange demon (D:10)
  A cane toad (shapeshifter) (D:14)
  4 cane toads
  2 komodo dragons (Lair:1)
  3 rime drakes
  A kobold demonologist (D:12)
  A hornet (D:10)
  8 polar bears
  15 blink frogs
  9 dream sheep
  7 slime creatures
  A wyvern (Lair:5)
  3 wraiths
  4 basilisks
  48 yaks
  3 wargs (Lair:5)
  13 vampire mosquitoes
  27 nagas
  3 acid dragons
  10 hell hounds (Lair:5)
  2 water moccasins (Lair:5)
  8 black bears (Lair:5)
  11 orc warriors
  A laughing skull (D:14)
  2 swamp drakes (Lair:5)
  15 wolves
  3 centaurs
  2 ogres (Orc:1)
  3 bullfrogs
  A wight (D:7)
  5 killer bees
  5 orc priests
  3 iguanas (Lair:5)
  6 orc wizards
  A gnoll (D:12)
  3 white imps (Gauntlet)
  18 orcs
  A gnoll zombie (Ossuary)
  A kobold (D:12)
405 creatures vanquished.

Vanquished Creatures (others)
  7 eldritch tentacles
  An ogre mage (Orc:2)
  An orc priest (Orc:2)
  A quokka (D:12)
  18 ball lightnings
  11 foxfires (D:7)
39 creatures vanquished.

Grand Total: 928 creatures vanquished

Notes
Turn   | Place    | Note
-------+----------+-------------------------------------------
     0 | D:1      | RKaid the Djinni Cinder Acolyte began the quest for the
                  | Orb.
     0 | D:1      | RKaid set off with the following spells memorised: Scorch.
     0 | D:1      | Reached XP level 1. HP: 20/20 MP: 0/0
   285 | D:1      | Reached XP level 2. HP: 25/25 MP: 0/0
   730 | D:1      | Reached skill level 3 in Long Blades
  1018 | D:2      | Reached XP level 3. HP: 25/30 MP: 0/0
  1018 | D:2      | Learned a level 1 spell: Kiss of Death
  1049 | D:2      | Noticed Robin
  1238 | D:2      | Killed Robin
  1270 | D:2      | Reached XP level 4. HP: 25/35 MP: 0/0
  1413 | D:2      | Reached skill level 3 in Spellcasting
  1413 | D:2      | Reached skill level 3 in Conjurations
  1413 | D:2      | Reached skill level 3 in Hexes
  1413 | D:2      | Reached skill level 3 in Summonings
  1413 | D:2      | Reached skill level 3 in Necromancy
  1413 | D:2      | Reached skill level 3 in Translocations
  1413 | D:2      | Reached skill level 3 in Fire Magic
  1413 | D:2      | Reached skill level 3 in Ice Magic
  1413 | D:2      | Reached skill level 3 in Air Magic
  1413 | D:2      | Reached skill level 3 in Earth Magic
  1413 | D:2      | Reached skill level 3 in Alchemy
  1820 | D:2      | Found a faded altar of an unknown god.
  2250 | D:3      | Found a runed translucent door.
  2250 | D:3      | Noticed paps's ghost (amateur TrSh)
  2376 | D:3      | Reached XP level 5. HP: 40/41 MP: 0/0
  2376 | D:3      | Learned a level 2 spell: Static Discharge
  2376 | D:3      | Found a glowing drain.
  2385 | Sewer    | Entered a sewer
  2462 | Sewer    | Reached skill level 4 in Fighting
  2702 | Sewer    | Reached XP level 6. HP: 45/48 MP: 0/0
  2767 | Sewer    | Found a viscous altar of Jiyva.
  2834 | D:3      | Identified a scroll of acquirement
  3081 | D:3      | Reached skill level 4 in Long Blades
  3845 | D:3      | Found a sparkling altar of Nemelex Xobeh.
  3984 | D:4      | Noticed a black bear
  4002 | D:4      | Killed a black bear
  4137 | D:4      | Found a staircase to the Ecumenical Temple.
  4258 | D:4      | Noticed an ice beast
  4269 | D:4      | Reached XP level 7. HP: 39/53 MP: 0/0
  4269 | D:4      | Learned a level 3 spell: Volatile Blastmotes
  4271 | D:4      | Reached skill level 5 in Fighting
  4271 | D:4      | Reached skill level 4 in Spellcasting
  4271 | D:4      | Reached skill level 4 in Conjurations
  4271 | D:4      | Reached skill level 4 in Hexes
  4271 | D:4      | Reached skill level 4 in Summonings
  4271 | D:4      | Reached skill level 4 in Necromancy
  4271 | D:4      | Reached skill level 4 in Translocations
  4271 | D:4      | Reached skill level 4 in Fire Magic
  4271 | D:4      | Reached skill level 4 in Ice Magic
  4271 | D:4      | Reached skill level 4 in Air Magic
  4271 | D:4      | Reached skill level 4 in Earth Magic
  4271 | D:4      | Reached skill level 4 in Alchemy
  4650 | D:4      | Reached skill level 5 in Long Blades
  5027 | D:4      | Identified the +4 ring mail of Uttutaz {rN+ Int+4}
  5384 | D:5      | Entered Level 5 of the Dungeon
  5484 | D:5      | Reached XP level 8. HP: 56/60 MP: 0/0
  5646 | D:5      | Found Kyhuoso's Book Emporium.
  5702 | D:5      | Noticed Menkaure
  5726 | D:5      | Killed Menkaure
  5727 | D:5      | Reached skill level 6 in Fighting
  5819 | D:5      | Noticed Pikel
  5991 | D:5      | Found a hazy altar of Hepliaklqana.
  6031 | D:5      | Killed Pikel
  6032 | D:5      | Reached skill level 6 in Long Blades
  6032 | D:5      | Reached skill level 5 in Spellcasting
  6032 | D:5      | Reached skill level 5 in Conjurations
  6032 | D:5      | Reached skill level 5 in Hexes
  6032 | D:5      | Reached skill level 5 in Summonings
  6032 | D:5      | Reached skill level 5 in Necromancy
  6032 | D:5      | Reached skill level 5 in Translocations
  6032 | D:5      | Reached skill level 5 in Fire Magic
  6032 | D:5      | Reached skill level 5 in Ice Magic
  6032 | D:5      | Reached skill level 5 in Air Magic
  6032 | D:5      | Reached skill level 5 in Earth Magic
  6032 | D:5      | Reached skill level 5 in Alchemy
  6032 | D:5      | Reached XP level 9. HP: 57/67 MP: 0/0
  6032 | D:5      | Learned a level 4 spell: Summon Lightning Spire
  6261 | D:5      | Reached skill level 7 in Fighting
  6613 | D:6      | Found a sand-covered staircase.
  6630 | Ossuary  | Entered an ossuary
  6630 | Ossuary  | Found a huge runed translucent gate.
  6630 | Ossuary  | Found a huge runed translucent gate.
  6630 | Ossuary  | Found a huge runed translucent gate.
  6630 | Ossuary  | Found a huge runed translucent gate.
  6630 | Ossuary  | Found a huge runed translucent gate.
  6630 | Ossuary  | Found a huge runed translucent gate.
  6630 | Ossuary  | Found a huge runed translucent gate.
  6630 | Ossuary  | Found a huge runed translucent gate.
  6631 | Ossuary  | Found a huge runed translucent gate.
  6631 | Ossuary  | Found a huge runed translucent gate.
  6632 | Ossuary  | Found a huge runed translucent gate.
  6632 | Ossuary  | Found a huge runed translucent gate.
  6632 | Ossuary  | Found a huge runed translucent gate.
  6634 | Ossuary  | Found a huge runed translucent gate.
  6634 | Ossuary  | Found a huge runed translucent gate.
  6689 | Ossuary  | Found a huge runed translucent gate.
  6689 | Ossuary  | Found a huge runed translucent gate.
  6689 | Ossuary  | Found a huge runed translucent gate.
  6689 | Ossuary  | Found a huge runed translucent gate.
  6689 | Ossuary  | Found a huge runed translucent gate.
  6690 | Ossuary  | Found a huge runed translucent gate.
  6690 | Ossuary  | Found a huge runed translucent gate.
  6692 | Ossuary  | Found a huge runed translucent gate.
  6692 | Ossuary  | Found a huge runed translucent gate.
  6693 | Ossuary  | Found a huge runed translucent gate.
  6693 | Ossuary  | Found a huge runed translucent gate.
  6694 | Ossuary  | Found a huge runed translucent gate.
  6694 | Ossuary  | Found a huge runed translucent gate.
  6706 | Ossuary  | Found a huge runed translucent gate.
  6706 | Ossuary  | Found a huge runed translucent gate.
  6713 | Ossuary  | Found a huge runed translucent gate.
  6713 | Ossuary  | Found a huge runed translucent gate.
  6713 | Ossuary  | Found a huge runed translucent gate.
  6713 | Ossuary  | Found a huge runed translucent gate.
  6713 | Ossuary  | Found a huge runed translucent gate.
  6946 | D:6      | Acquired a +5 long sword of protection
  7275 | D:6      | Reached skill level 7 in Long Blades
  7275 | D:6      | Reached skill level 6 in Spellcasting
  7275 | D:6      | Reached skill level 6 in Conjurations
  7275 | D:6      | Reached skill level 6 in Hexes
  7275 | D:6      | Reached skill level 6 in Summonings
  7275 | D:6      | Reached skill level 6 in Necromancy
  7275 | D:6      | Reached skill level 6 in Translocations
  7275 | D:6      | Reached skill level 6 in Fire Magic
  7275 | D:6      | Reached skill level 6 in Ice Magic
  7275 | D:6      | Reached skill level 6 in Air Magic
  7275 | D:6      | Reached skill level 6 in Earth Magic
  7275 | D:6      | Reached skill level 6 in Alchemy
  7518 | D:6      | Found a stormy altar of Qazlal.
  7772 | D:6      | Found a glowing silver altar of Zin.
  7772 | D:6      | Found a glowing golden altar of the Shining One.
  7773 | D:6      | Found a white marble altar of Elyvilon.
  7881 | D:7      | Noticed Maggie
  7892 | D:7      | Gained mutation: You are dopey. (Int -2) [potion of
                  | mutation]
  7892 | D:7      | HP: 12/70 [wight/+0 halberd (10)]
  7901 | D:7      | HP: 14/70 [wight/+5 mace (8)]
  7903 | D:7      | Reached skill level 8 in Fighting
  7905 | D:7      | Killed Maggie
  7906 | D:7      | Reached XP level 10. HP: 16/76 MP: 0/0
  7906 | D:7      | HP: 11/76 [wight/+1 dagger of venom (5)]
  9048 | D:7      | HP: 19/77 [hornet (13)]
  9051 | D:7      | Reached skill level 8 in Long Blades
  9382 | D:8      | Noticed Psyche
  9405 | D:8      | Paralysed by Psyche for 1 turns
  9407 | D:8      | Killed Psyche
  9408 | D:8      | Reached skill level 9 in Fighting
  9408 | D:8      | Reached skill level 7 in Spellcasting
  9408 | D:8      | Reached skill level 7 in Conjurations
  9408 | D:8      | Reached skill level 7 in Hexes
  9408 | D:8      | Reached skill level 7 in Summonings
  9408 | D:8      | Reached skill level 7 in Necromancy
  9408 | D:8      | Reached skill level 7 in Translocations
  9408 | D:8      | Reached skill level 7 in Fire Magic
  9408 | D:8      | Reached skill level 7 in Ice Magic
  9408 | D:8      | Reached skill level 7 in Air Magic
  9408 | D:8      | Reached skill level 7 in Earth Magic
  9408 | D:8      | Reached skill level 7 in Alchemy
  9488 | D:8      | Found a staircase to the Lair.
 10013 | D:9      | Reached XP level 11. HP: 78/84 MP: 0/0
 10013 | D:9      | Learned a level 4 spell: Iskenderun's Mystic Blast
 10131 | D:9      | Reached skill level 9 in Long Blades
 10136 | D:9      | Reached skill level 10 in Fighting
 10145 | D:9      | Noticed Erica
 10153 | D:9      | Killed Erica
 10154 | D:9      | Reached skill level 8 in Spellcasting
 10154 | D:9      | Reached skill level 8 in Conjurations
 10154 | D:9      | Reached skill level 8 in Hexes
 10154 | D:9      | Reached skill level 8 in Summonings
 10154 | D:9      | Reached skill level 8 in Necromancy
 10154 | D:9      | Reached skill level 8 in Translocations
 10154 | D:9      | Reached skill level 8 in Fire Magic
 10154 | D:9      | Reached skill level 8 in Ice Magic
 10154 | D:9      | Reached skill level 8 in Air Magic
 10154 | D:9      | Reached skill level 8 in Earth Magic
 10154 | D:9      | Reached skill level 8 in Alchemy
 10674 | D:10     | Entered Level 10 of the Dungeon
 10675 | D:10     | Found Issinlyg's Armour Shop.
 10707 | D:10     | Found a staircase to the Orcish Mines.
 10913 | D:10     | Found Sicei's Book Shop.
 10936 | D:10     | Found Owuwkowepn's Jewellery Boutique.
 10963 | D:10     | Noticed Amaemon
 10979 | D:10     | Killed Amaemon
 11005 | D:10     | Found Led Loqi's Armour Emporium.
 11198 | D:10     | Found a runed translucent door.
 11199 | D:10     | Found a burning altar of Makhleb.
 11199 | D:10     | Noticed a sixfirhy
 11305 | D:10     | Bought the +3 crown of Dyrovepreva {rElec Int+2 SInv} for
                  | 538 gold pieces
 11305 | D:10     | Found the +3 crown of Dyrovepreva {rElec Int+2 SInv}
 11410 | Lair:1   | Entered Level 1 of the Lair of Beasts
 11474 | Lair:1   | Reached skill level 10 in Long Blades
 11491 | Lair:1   | Reached skill level 11 in Fighting
 11540 | Lair:1   | Reached XP level 12. HP: 53/94 MP: 0/0
 11542 | Lair:1   | Reached skill level 1 in Dodging
 11940 | Lair:1   | Reached skill level 2 in Dodging
 12140 | Lair:1   | Reached skill level 3 in Dodging
 12171 | Lair:1   | Reached skill level 9 in Spellcasting
 12171 | Lair:1   | Reached skill level 9 in Conjurations
 12171 | Lair:1   | Reached skill level 9 in Hexes
 12171 | Lair:1   | Reached skill level 9 in Summonings
 12171 | Lair:1   | Reached skill level 9 in Necromancy
 12171 | Lair:1   | Reached skill level 9 in Translocations
 12171 | Lair:1   | Reached skill level 9 in Fire Magic
 12171 | Lair:1   | Reached skill level 9 in Ice Magic
 12171 | Lair:1   | Reached skill level 9 in Air Magic
 12171 | Lair:1   | Reached skill level 9 in Earth Magic
 12171 | Lair:1   | Reached skill level 9 in Alchemy
 12212 | Lair:1   | Reached skill level 4 in Dodging
 12416 | Lair:2   | Noticed a boulder beetle
 12434 | Lair:2   | Killed a boulder beetle
 12446 | Lair:2   | Found a staircase to the Snake Pit.
 12446 | Lair:2   | Noticed a death yak
 12447 | Lair:2   | Noticed a death yak
 12447 | Lair:2   | Noticed a death yak
 12447 | Lair:2   | Noticed a death yak
 12490 | Lair:2   | Killed a death yak
 12498 | Lair:2   | Killed a death yak
 12512 | Lair:2   | Killed a death yak
 12705 | Lair:2   | Killed a death yak
 12706 | Lair:2   | Reached skill level 12 in Fighting
 12706 | Lair:2   | Reached skill level 11 in Long Blades
 12706 | Lair:2   | Reached skill level 5 in Dodging
 12876 | Lair:2   | Reached XP level 13. HP: 101/101 MP: 0/0
 12876 | Lair:2   | Learned a level 5 spell: Summon Mana Viper
 12900 | Lair:2   | Found a staircase to the Shoals.
 13010 | Lair:2   | Reached skill level 6 in Dodging
 13683 | Lair:3   | Noticed Fannar
 13783 | Lair:3   | Noticed a seven-headed hydra
 13802 | Lair:2   | Reached skill level 7 in Dodging
 13870 | Lair:3   | Reached skill level 10 in Spellcasting
 13870 | Lair:3   | Reached skill level 10 in Conjurations
 13870 | Lair:3   | Reached skill level 10 in Hexes
 13870 | Lair:3   | Reached skill level 10 in Summonings
 13870 | Lair:3   | Reached skill level 10 in Necromancy
 13870 | Lair:3   | Reached skill level 10 in Translocations
 13870 | Lair:3   | Reached skill level 10 in Fire Magic
 13870 | Lair:3   | Reached skill level 10 in Ice Magic
 13870 | Lair:3   | Reached skill level 10 in Air Magic
 13870 | Lair:3   | Reached skill level 10 in Earth Magic
 13870 | Lair:3   | Reached skill level 10 in Alchemy
 14192 | Lair:3   | Killed a seven-headed hydra
 14216 | Lair:3   | Noticed a four-headed hydra
 14227 | Lair:3   | Killed a two-headed hydra
 14264 | Lair:3   | Killed Fannar
 14289 | Lair:3   | Reached skill level 13 in Fighting
 14300 | Lair:3   | Reached skill level 12 in Long Blades
 14405 | Lair:3   | Reached XP level 14. HP: 110/110 MP: 0/0
 14423 | Lair:3   | Reached skill level 8 in Dodging
 14732 | Lair:3   | Found the +18 shield of the Gong {Loud rN+ Will+ rCorr
                  | EV-5}
 15272 | Lair:4   | Reached skill level 1 in Shields
 15374 | Lair:4   | Reached skill level 2 in Shields
 15426 | Lair:4   | Reached skill level 3 in Shields
 15768 | Lair:5   | Entered Level 5 of the Lair of Beasts
 15809 | Lair:5   | Noticed kalagan's ghost (journeyman DECj)
 15858 | Lair:5   | Found a transporter.
 15905 | Lair:5   | HP: 27/111 [death yak (14)]
 15970 | Lair:5   | Reached skill level 4 in Shields
 16013 | Lair:5   | Reached skill level 13 in Long Blades
 16164 | Lair:5   | Found a transporter.
 16205 | Lair:5   | Reached skill level 5 in Shields
 16261 | Lair:5   | Reached XP level 15. HP: 116/116 MP: 0/0
 16261 | Lair:5   | Learned a level 6 spell: Conjure Ball Lightning
 16278 | Lair:5   | Reached skill level 14 in Fighting
 16692 | Lair:5   | Found a staircase to the Slime Pits.
 16699 | Lair:5   | Reached skill level 6 in Shields
 16794 | Lair:5   | Reached skill level 11 in Spellcasting
 16794 | Lair:5   | Reached skill level 11 in Conjurations
 16794 | Lair:5   | Reached skill level 11 in Hexes
 16794 | Lair:5   | Reached skill level 11 in Summonings
 16794 | Lair:5   | Reached skill level 11 in Necromancy
 16794 | Lair:5   | Reached skill level 11 in Translocations
 16794 | Lair:5   | Reached skill level 11 in Fire Magic
 16794 | Lair:5   | Reached skill level 11 in Ice Magic
 16794 | Lair:5   | Reached skill level 11 in Air Magic
 16794 | Lair:5   | Reached skill level 11 in Earth Magic
 16794 | Lair:5   | Reached skill level 11 in Alchemy
 17275 | Lair:5   | Reached skill level 7 in Shields
 17285 | Lair:5   | Identified the +6 plate armour "Susk" {Int+3}
 17324 | Lair:5   | Identified the +0 leather armour of Lilupto {rPois Str+2}
 18655 | Orc:1    | Entered Level 1 of the Orcish Mines
 18670 | Orc:1    | Reached skill level 14 in Long Blades
 19150 | Orc:2    | Entered Level 2 of the Orcish Mines
 19179 | Orc:2    | Noticed Urug
 19201 | Orc:2    | Killed Urug
 19304 | Orc:2    | Found a gate leading to a gauntlet.
 19318 | Gauntlet | Entered a Gauntlet
 19318 | Gauntlet | Found a transporter.
 19326 | Gauntlet | Found a transporter.
 19329 | Gauntlet | Found a transporter.
 19330 | Gauntlet | Found a transporter.
 19341 | Gauntlet | Found a transporter.
 19342 | Gauntlet | Found a transporter.
 19343 | Gauntlet | Found a transporter.
 19351 | Gauntlet | Found a transporter.
 19353 | Gauntlet | Found a transporter.
 19354 | Gauntlet | Found a transporter.
 19362 | Gauntlet | Found a transporter.
 19365 | Gauntlet | Found a transporter.
 19366 | Gauntlet | Found a transporter.
 19370 | Gauntlet | Found a runed translucent door.
 19371 | Gauntlet | Found a runed translucent door.
 19374 | Gauntlet | Found a transporter.
 19497 | Gauntlet | Reached skill level 8 in Shields
 19637 | Gauntlet | Identified the amulet of Zuibb {Acrobat Slay+2}
 20063 | Orc:2    | Found a staircase to the Elven Halls.
 20410 | Orc:1    | Reached XP level 16. HP: 124/124 MP: 0/0
 20783 | Orc:2    | Found Huipsarph's General Store.
 20783 | Orc:2    | Found Jihyunang's General Store.
 20787 | Orc:2    | Found Kabi's Distillery.
 20787 | Orc:2    | Found Ifruqott's Armour Shoppe.
 20803 | Orc:2    | Bought a scroll of blinking for 90 gold pieces
 20806 | Orc:2    | Bought a potion of curing for 36 gold pieces
 20806 | Orc:2    | Bought a potion of brilliance for 48 gold pieces
 20806 | Orc:2    | Bought a potion of curing for 36 gold pieces
 20806 | Orc:2    | Bought a potion of resistance for 120 gold pieces
 20806 | Orc:2    | Bought a potion of haste for 120 gold pieces
 20899 | D:12     | Reached skill level 9 in Shields
 21025 | D:12     | Reached skill level 15 in Fighting
 21055 | D:12     | Found a white marble altar of Elyvilon.
 21099 | D:12     | Noticed Gastronok
 21127 | D:12     | Killed Gastronok
 21300 | D:12     | Noticed Maurice
 21308 | D:12     | Killed Maurice
 21618 | D:13     | Identified the +9 dagger "Ukhaum" {flame, Str+2 SInv}
 22342 | D:13     | Reached skill level 10 in Shields
 22842 | D:14     | Noticed Agnes
 22958 | D:13     | Killed Agnes
 23125 | D:14     | Reached skill level 12 in Spellcasting
 23125 | D:14     | Reached skill level 12 in Conjurations
 23125 | D:14     | Reached skill level 12 in Hexes
 23125 | D:14     | Reached skill level 12 in Summonings
 23125 | D:14     | Reached skill level 12 in Necromancy
 23125 | D:14     | Reached skill level 12 in Translocations
 23125 | D:14     | Reached skill level 12 in Fire Magic
 23125 | D:14     | Reached skill level 12 in Ice Magic
 23125 | D:14     | Reached skill level 12 in Air Magic
 23125 | D:14     | Reached skill level 12 in Earth Magic
 23125 | D:14     | Reached skill level 12 in Alchemy
 23172 | D:14     | Reached skill level 11 in Shields
 23232 | D:14     | Found a gate to the Vaults.
 23794 | D:14     | Upgraded the game from 0.31.0-9-g3a7656b989 to
                  | 0.31.0-11-ge490571c62
 23797 | D:15     | Entered Level 15 of the Dungeon
 23840 | D:15     | Found a runed translucent door.
 23840 | D:15     | Noticed Giaff's ghost (journeyman DsGl)
 24128 | D:15     | Reached XP level 17. HP: 131/132 MP: 0/0
 24128 | D:15     | Learned a level 7 spell: Malign Gateway
 24206 | D:15     | Found a staircase to the Depths.
 24819 | D:15     | Identified the +1 chain mail "Siapt" {rC+ Int+4 Dex-2}
 25205 | Snake:1  | Entered Level 1 of the Snake Pit
 25292 | Snake:1  | Reached skill level 16 in Fighting
 25325 | Lair:2   | Reached skill level 12 in Shields
 25350 | Lair:2   | Upgraded the game from 0.31.0-11-ge490571c62 to
                  | 0.31.0-12-g77e489cdc1
 26443 | Snake:2  | Reached skill level 13 in Shields
 26473 | Snake:2  | Found Vowi's Self-Improvement Boutique.
 26544 | Snake:2  | Found Fegeq's Magic Scroll Shoppe.
 26544 | Snake:2  | Found Ecen's Armour Emporium.
 26573 | Snake:2  | Bought a scroll of blinking for 135 gold pieces
 27236 | Snake:3  | Found a shadowy altar of Dithmenos.
 27556 | Snake:3  | Reached XP level 18. HP: 131/141 MP: 0/0
 27600 | Snake:3  | Reached skill level 13 in Spellcasting
 27600 | Snake:3  | Reached skill level 13 in Conjurations
 27600 | Snake:3  | Reached skill level 13 in Hexes
 27600 | Snake:3  | Reached skill level 13 in Summonings
 27600 | Snake:3  | Reached skill level 13 in Necromancy
 27600 | Snake:3  | Reached skill level 13 in Translocations
 27600 | Snake:3  | Reached skill level 13 in Fire Magic
 27600 | Snake:3  | Reached skill level 13 in Ice Magic
 27600 | Snake:3  | Reached skill level 13 in Air Magic
 27600 | Snake:3  | Reached skill level 13 in Earth Magic
 27600 | Snake:3  | Reached skill level 13 in Alchemy
 28076 | Snake:3  | Reached skill level 17 in Fighting
 28263 | Snake:4  | Entered Level 4 of the Snake Pit
 28321 | Snake:4  | Reached skill level 14 in Shields
 28512 | Snake:4  | HP: 31/143 [guardian serpent (16)]
 28512 | Snake:4  | HP: 8/143 [naga sharpshooter/bolt (23)]
 28513 | Snake:4  | HP: 2/143 [constriction (3)]
 28513 | Snake:4  | Mangled by a shock serpent

Illustrated notes

Levels and vault maps discovered:
D:1:      moated_graveyard_arrival, layout_loops_ring, hangedman_glass_teeth
D:2:      layout_basic, shapermc_ecumenical_altar_petra,
          nicolae_twisty_statue_hallways, uniq_robin
D:3:      layout_basic, lemuel_round_altar, nemelex_altar_shiori,
          hellmonk_ghost_happy_afterlife, portal_sewer_entry_d
D:4:      layout_layer_cave, minmay_temple_entry_glassed_door
D:5:      layout_cave_pods, general_overflow_altar,
          nicolae_overflow_hidden_temple, serial_shops, shop, uniq_menkaure,
          uniq_pikel
D:6:      layout_loops_cross, good_gods_temple_1, mainiacjoe_overflow_alcove_4,
          nicolae_ossuary_entry_ruins
D:7:      layout_cave_pools, the_hattery, uniq_maggie
D:8:      layout_cave_pools, lair_entry_dummy, uniq_psyche
D:9:      layout_loops_ring, grunt_decor_fettered, uniq_erica
D:10:     layout_big_octagon, nzn_makhleb_speed_demon, david_orc_2,
          serial_shops, nicolae_shop_tiny_statue_garden,
          nicolae_shop_temple_entry_statues_fountains,
          nicolae_shop_advertising_works [nicolae_subvault_shop_adworks],
          nicolae_shop_window_shopping, uniq_amaemon
D:11:     layout_basic
D:12:     layout_roguey, elyvilon_altar_4, uniq_maurice, uniq_gastronok
D:13:     layout_basic, nrook_campfire
D:14:     cheibrodos_tormentor_scu, layout_basic, erik_vaults_1,
          lemuel_crystal_altar, uniq_agnes
D:15:     gammafunk_depths_entry_grave, layout_stronghold, serial_bayou_ford_a,
          ebering_ghost_reflecting_pool, nicolae_letterblocks
          [nicolae_letter_subblock, nicolae_letter_subblock,
          nicolae_letter_subblock, nicolae_letter_subblock,
          nicolae_letter_subblock, nicolae_letter_subblock,
          nicolae_letter_subblock, nicolae_letter_subblock,
          nicolae_letter_subblock, nicolae_letter_subblock,
          nicolae_letter_subblock, nicolae_letter_subblock,
          nicolae_letter_subblock, nicolae_letter_subblock,
          nicolae_letter_subblock, nicolae_letter_subblock,
          nicolae_letter_subblock, nicolae_letter_subblock,
          nicolae_letter_subblock, nicolae_letter_subblock,
          nicolae_letter_subblock, nicolae_letter_subblock,
          nicolae_letter_subblock, nicolae_letter_subblock,
          nicolae_letter_subblock]
Lair:1:   layout_misc_corridors, lemuel_fruit_tree, grunt_megastairs_3
Lair:2:   layout_regular_city, elwin_shoals_entry_rocks,
          guppyfry_snake_entry_island
Lair:3:   layout_chaotic_city, wad_woods_river_01, uniq_fannar
Lair:4:   layout_roguey
Lair:5:   hangedman_lair_caniforms_friends, layout_cave_shapes,
          guppyfry_lair_end_dragon, slime_entry_1, nzn_ghost_randoct
Snake:1:  layout_concentric_octagons, serial_bayou_shore_b
Snake:2:  layout_misc_corridors, nicolae_shop_self_help, serial_bayou_shore_a,
          grunt_megastairs_1, minmay_shoptagon, serial_bayou_shore_b
Snake:3:  layout_cave_pods, basic_altar, nicolae_snake_magic_snake_eye
Snake:4:  grunt_snake_rune_pools, layout_cave_shapes
Orc:1:    layout_caves
Orc:2:    grunt_orc_tribal_feast, layout_caves, gauntlet_entry_generic,
          uniq_urug

Skill      XL: |  1  2  3  4  5  6  7  8  9 10 11 12 13 14 15 16 17 18 |
---------------+-------------------------------------------------------+-----
Long Blades    | 3 4 5 6 7 8 10 11 12 13 14 | 14.0
Spellcasting   | 3 4 5 6 7 8 9 10 11 12 13 | 13.4
Conjurations   | 3 4 5 6 7 8 9 10 11 12 13 | 13.4
Hexes          | 3 4 5 6 7 8 9 10 11 12 13 | 13.4
Summonings     | 3 4 5 6 7 8 9 10 11 12 13 | 13.4
Necromancy     | 3 4 5 6 7 8 9 10 11 12 13 | 13.4
Translocations | 3 4 5 6 7 8 9 10 11 12 13 | 13.4
Fire Magic     | 3 4 5 6 7 8 9 10 11 12 13 | 13.4
Ice Magic      | 3 4 5 6 7 8 9 10 11 12 13 | 13.4
Air Magic      | 3 4 5 6 7 8 9 10 11 12 13 | 13.4
Earth Magic    | 3 4 5 6 7 8 9 10 11 12 13 | 13.4
Alchemy        | 3 4 5 6 7 8 9 10 11 12 13 | 13.4
Fighting       | 4 5 6 8 9 11 12 13 14 15 16 17 | 17.4
Dodging        | 5 7 8 |  8.4
Shields        | 5 8 11 13 14 | 14.4

Action                     |  1- 3 |  4- 6 |  7- 9 | 10-12 | 13-15 | 16-18 || total
---------------------------+-------+-------+-------+-------+-------+-------++-------
  Melee: Falchion          |    89 |    61 |    41 |       |       |       ||   191
         Punch             |       |       |     4 |     1 |       |       ||     5
         Long sword        |       |       |    33 |   144 |   649 |   687 ||  1513
         Scimitar          |       |       |       |       |    23 |       ||    23
   Cast: Scorch            |    10 |    79 |    81 |   109 |   124 |   164 ||   567
         Volatile Blastmot |       |       |     7 |     2 |     1 |       ||    10
         Kiss of Death     |       |       |     1 |       |       |       ||     1
         Summon Lightning  |       |       |     2 |    24 |    86 |    93 ||   205
         Static Discharge  |       |       |       |    11 |    13 |     1 ||    25
         Iskenderun's Myst |       |       |       |     7 |     5 |     5 ||    17
         Summon Mana Viper |       |       |       |       |    19 |    22 ||    41
         Conjure Ball Ligh |       |       |       |       |     5 |     1 ||     6
         Malign Gateway    |       |       |       |       |       |     8 ||     8
 Invoke: Fiery Armour      |       |       |     1 |     2 |       |       ||     3
         Foxfire Swarm     |       |       |     1 |       |       |       ||     1
  Evoke: Wand              |       |       |     1 |     2 |       |     2 ||     5
    Use: Scroll            |       |     5 |     4 |    13 |    10 |     4 ||    36
         Potion            |       |       |     7 |       |     2 |       ||     9
   Stab: Distracted        |       |       |       |       |     6 |    14 ||    20
 Armour: Robe              |    50 |    44 |     7 |       |       |       ||   101
         Ring mail         |       |       |    84 |   198 |   438 |   256 ||   976
  Dodge: Dodged            |    57 |    52 |    59 |   111 |   173 |    62 ||   514
         Repelled          |       |       |       |       |     3 |     8 ||    11
  Block: Kite shield       |       |       |       |       |   793 |   971 ||  1764

Table legend: (Time is in decaauts)
 A = Elapsed time spent in this place.
 B = Non-inter-level travel time spent in this place.
 C = Inter-level travel time spent in this place.
 D = Time resting spent in this place.
 E = Time spent auto-exploring this place.
 F = Levels seen in this place.
 G = Mean time per level.
                   A        B        C        D        E       F      G
               +--------+--------+--------+--------+--------+-----+--------+
         Total |  28315 |  26713 |   1602 |   4151 |  13407 |  29 |  976.4 |
       Dungeon |  15471 |  14436 |   1035 |   2303 |   8548 |  15 | 1031.4 |
          Lair |   6752 |   6348 |    404 |   1043 |   2280 |   5 | 1350.4 |
     Snake Pit |   3201 |   3145 |     56 |    266 |   1443 |   4 |  800.2 |
  Orcish Mines |   1744 |   1638 |    106 |    152 |    934 |   2 |  872.0 |
         Sewer |    426 |    426 |      0 |    141 |     46 |   1 |  426.0 |
       Ossuary |    312 |    312 |      0 |    169 |     32 |   1 |  312.0 |
      Gauntlet |    407 |    407 |      0 |     77 |    124 |   1 |  407.0 |
               +--------+--------+--------+--------+--------+-----+--------+

Top non-repeatable levels by time:
  Lair:5: 1984 daAuts
     D:4: 1479 daAuts
  Lair:2: 1443 daAuts
  Lair:3: 1417 daAuts
    D:13: 1344 daAuts
     D:3: 1341 daAuts
 Snake:3: 1270 daAuts
     D:6: 1246 daAuts
     D:2: 1211 daAuts
     D:5: 1183 daAuts
    D:15: 1163 daAuts
 Snake:2: 1106 daAuts
     D:7: 1071 daAuts
  Lair:1: 1037 daAuts
   Orc:2: 1020 daAuts

Table legend:
 A = Kills in this place as a percentage of kills in the entire game.
 B = Kills by you in this place as a percentage of kills by you in the entire game.
 C = Kills by friends in this place as a percentage of kills by friends in the entire game.
 D = Other kills in this place as a percentage of other kills in the entire game.
 E = Experience gained in this place as a percentage of experience gained in the entire game.
 F = Experience gained in this place divided by the number of levels of this place that you have seen.
                   A       B       C       D       E      F
               +-------+-------+-------+-------+-------+----------------------
         Total | 100.0 | 100.0 | 100.0 | 100.0 | 100.0 | 8346.6
       Dungeon |  35.2 |  47.4 |  20.7 |   0.0 |  25.8 | 4158.4
          Lair |  33.3 |  26.2 |  41.7 |   0.0 |  34.7 | 16810.4
     Snake Pit |  17.0 |   9.6 |  25.9 |   0.0 |  32.4 | 19633.8
  Orcish Mines |   9.5 |   8.3 |  10.6 | 100.0 |   5.6 | 6761.5
         Sewer |   2.7 |   5.0 |   0.0 |   0.0 |   0.1 | 146.0
       Ossuary |   1.0 |   1.7 |   0.2 |   0.0 |   0.2 | 399.0
      Gauntlet |   1.4 |   1.9 |   0.7 |   0.0 |   1.2 | 3019.0
               +-------+-------+-------+-------+-------+----------------------
